Maple Leafs vs Devils
(R1)
Created - 19 mars 2017 at 21:12
Goals
|
| Maple Leafs |
3 |
1 |
4 |
8 |
| Devils |
1 |
5 |
1 |
7 |
|
Shots
|
| Maple Leafs |
13 |
13 |
13 |
39 |
| Devils |
15 |
9 |
6 |
30 |
|
1st period
1. Maple Leafs , Jordan Staal 28 (Claude Giroux) at 8:20
2. Maple Leafs , Alexander Frolov 18 (Jordan Staal, Claude Giroux) at 16:29
3. Maple Leafs , Tobias Enstrom 7 (Evgeni Malkin) at 17:05 (PP)
4. Devils , Ted Purcell 29 (Dominic Moore, Brad Richardson) at 19:11
Penalties :
Tobias Enstrom (Tor) for Hooking (Minor) at 0:12, Blake Comeau (Tor) for Hooking (Minor) at 3:37, Jordan Staal (Tor) for Cross-checking (Minor) at 10:59, Adam Pardy (NJD) for Hooking (Minor) at 16:56
2nd period
5. Devils , Tyler Bozak 1 (Ilya Kovalchuk, Steve Ott) at 6:20
6. Devils , Dominic Moore 14 (Ted Purcell, Adam Pardy) at 6:36
7. Devils , Adam Pardy 1 (Alexandre Burrows) at 12:01
8. Devils , Anthony Stewart 5 (Ilya Kovalchuk, Brent Seabrook) at 12:09
9. Maple Leafs , Alexander Frolov 19 (Claude Giroux) at 14:01
10. Devils , Ilya Kovalchuk 38 (Matt Duchene) at 15:43
Penalties :
Rob Schremp (Tor) for Slashing (Minor) at 1:42, Brent Seabrook (NJD) for Roughing (Minor) at 4:04, Eric Nystrom (Tor) for Tripping (Minor) at 8:10, Ilya Kovalchuk (NJD) for Holding Stick (Minor) at 8:59, Anthony Stewart (NJD) for Tripping (Minor) at 9:46, Brent Seabrook (NJD) for Roughing (Minor) at 16:07
3rd period
11. Maple Leafs , Fabian Brunnstrom 16 (Braydon Coburn, Jordan Staal) at 8:28 (PP)
12. Devils , Steve Ott 10 (Alexandre Burrows) at 9:22
13. Maple Leafs , Jordan Staal 29 (Claude Giroux, Marc-Édouard Vlasic) at 13:01
14. Maple Leafs , Alexander Frolov 20 (Claude Giroux, Justin Schultz) at 14:46
15. Maple Leafs , Colby Armstrong 13 (Rob Schremp) at 16:00
Penalties :
Jordan Staal (Tor) for Boarding (Minor) at 0:11, Ted Purcell (NJD) for Delaying the game (Minor) at 7:42, Mike Komisarek (NJD) for Hooking (Minor) at 10:07, Colby Armstrong (Tor) for Hooking (Minor) at 10:37, Alexandre Burrows (NJD) for Interference (Minor) at 18:01
Goalie Stats
Alex Stalock (Tor), 6 saves from 8 shots - (0,750), W, 2-3-0, 27:51 minutes
Marc-André Fleury (Tor), 17 saves from 22 shots - (0,773), 32:09 minutes
James Reimer (NJD), 31 saves from 39 shots - (0,795), L, 16-12-3, 60:00 minutes
Players Stats for Maple Leafs
Player Name G A P +/- PIM S H SB GA TA FO MP PP MP PK MP
------------------------------------------------------------------------------------
Alexander Frolov 3 0 3 4 0 4 3 0 1 1 2/2 23:43 5:09 4:35
Blake Comeau 0 0 0 -3 2 0 1 0 0 0 2/3 7:27 0:03 1:55
Braydon Coburn 0 1 1 -2 0 6 1 0 0 0 0/0 30:16 4:51 6:51
Claude Giroux 0 5 5 5 0 8 2 0 3 2 2/2 27:07 4:56 6:17
Colby Armstrong 1 0 1 1 2 2 4 0 0 0 0/0 12:24 3:41 0:00
Eric Nystrom 0 0 0 0 2 1 1 0 1 0 0/0 9:36 0:06 0:23
Evgeni Malkin 0 1 1 -3 0 2 2 0 1 0 9/18 19:19 5:04 4:41
Fabian Brunnstrom 1 0 1 -3 0 2 1 0 1 0 0/0 12:41 3:42 0:00
Jamie McBain 0 0 0 -1 0 2 1 0 0 1 0/0 12:10 4:06 0:00
Jordan Staal 2 2 4 5 4 5 1 0 2 2 17/33 23:24 3:33 3:53
Justin Abdelkader 0 0 0 -3 0 1 0 0 0 0 0/0 5:20 0:00 0:00
Justin Schultz 0 1 1 1 0 0 2 1 0 1 0/0 12:20 0:00 0:59
Marc-Édouard Vlasic 0 1 1 1 0 0 1 0 1 0 0/0 21:56 4:06 4:23
Michael Grabner 0 0 0 -3 0 0 0 0 0 0 0/0 9:49 0:36 0:00
Rob Schremp 0 1 1 0 2 1 0 0 0 0 0/6 9:33 0:00 0:44
Taylor Chorney 0 0 0 1 0 0 0 2 0 0 0/0 14:01 0:00 4:23
Tobias Enstrom 1 0 1 -2 2 5 2 3 0 1 0/0 29:34 4:51 5:52
Zac Dalpe 0 0 0 -3 0 0 1 0 0 0 1/2 5:20 0:00 0:00
Players Stats for Devils
Player Name G A P +/- PIM S H SB GA TA FO MP PP MP PK MP
------------------------------------------------------------------------------------
Adam Pardy 1 1 2 1 2 1 1 3 0 1 0/0 18:25 4:36 3:44
Alexandre Burrows 0 2 2 3 2 2 1 0 0 0 0/1 12:25 0:23 0:57
Anthony Stewart 1 0 1 -2 2 2 2 0 0 1 0/0 19:27 4:22 0:00
Brad Richardson 0 1 1 0 0 0 1 1 1 0 0/0 17:12 6:17 0:00
Brent Seabrook 0 1 1 0 4 0 1 1 1 2 0/0 26:20 4:20 2:39
Chris Mcallister 0 0 0 0 0 0 0 0 0 0 1/2 6:05 0:01 5:13
Dan Boyle 0 0 0 0 0 3 4 0 0 0 0/0 21:12 6:54 1:29
Dominic Moore 1 1 2 1 0 2 4 0 0 0 9/20 22:28 5:18 4:56
Ilya Kovalchuk 1 2 3 -3 2 4 0 3 3 0 3/3 23:15 5:45 2:16
Karl Alzner 0 0 0 0 0 0 2 0 0 1 0/0 23:56 6:38 4:34
Kyle Cumiskey 0 0 0 1 0 1 1 2 0 1 0/0 8:13 0:00 0:32
Matt Duchene 0 1 1 -3 0 3 0 0 2 0 12/28 21:49 5:46 1:14
Mike Komisarek 0 0 0 0 2 1 0 1 0 4 0/0 22:18 0:01 5:42
Steve Ott 1 1 2 1 0 2 0 0 0 0 4/5 10:35 0:43 2:07
Steve Quailer 0 0 0 1 0 0 2 0 0 0 0/0 7:07 0:00 0:00
Ted Purcell 1 1 2 1 2 7 2 1 1 0 1/4 17:45 5:05 0:45
Tyler Arnason 0 0 0 2 0 1 2 1 0 0 2/2 4:16 0:00 0:00
Tyler Bozak 1 0 1 2 0 1 0 0 0 0 1/1 4:16 0:00 0:00
3 Stars
1 - Alexander Frolov (Tor)
2 - Claude Giroux (Tor)
3 - Jordan Staal (Tor)
Power Play
Maple Leafs - 2 on 8 Attempt(s) - 25,00%
Devils - 0 on 7 Attempt(s) - 0,00%
Penalty Kill
Maple Leafs - 7 on 7 Attempt(s) - 100,00%
- Score 0 goal in Penalty Kill
Devils - 6 on 8 Attempt(s) - 75,00%
- Score 0 goal in Penalty Kill
Team Stat
Maple Leafs - Hits : 23 - Faceoff Wins : 33 - Blocked Shots : 6 - Penalty Minutes : 14
Devils - Hits : 23 - Faceoff Wins : 33 - Blocked Shots : 13 - Penalty Minutes : 16
Official
Referees : Furlatt Eric and Devorski Paul
Linesman : Jean Morin and Jonny Murray
Game Notes
Alex Stalock enters game at 12:09 of 2nd period
Alexander Frolov has scored a Hat Trick!
Finance
Level 1 -- Attendance: 5267 (87,78%) -- Ticket Income 447 695 $
Level 2 -- Attendance: 4626 (92,52%) -- Ticket Income 240 552 $
Level 3 -- Attendance: 1953 (97,65%) -- Ticket Income 54 684 $
Level 4 -- Attendance: 3816 (95,40%) -- Ticket Income 76 320 $
Luxury Box -- Attendance: 1000 (100,00%) -- Ticket Income 150 000 $
Game was played at the The prudential Center.
Total Attendance: 16662 (92,57%)
Total Ticket Income: 969 251 $
Other Income: 145 388 $
Total Income: 1 114 639 $
Maple Leafs
5 vs 5 Forward
Center Left Wing Right Wing Time % Phy DF OF
1 Jordan Staal Alexander Frolov Claude Giroux 40 1 2 2
2 Evgeni Malkin Fabian Brunnstrom Michael Grabner 30 1 2 2
3 Rob Schremp Eric Nystrom Colby Armstrong 20 1 2 2
4 Zac Dalpe Justin Abdelkader Blake Comeau 10 1 2 2
5 vs 5 Defense
Defense Defense Time % Phy DF OF
1 Tobias Enstrom Braydon Coburn 40 1 2 2
2 Justin Schultz Marc-Édouard Vlasic 30 1 2 2
3 Taylor Chorney Jamie McBain 20 1 2 2
4 Tobias Enstrom Braydon Coburn 10 1 2 2
PowerPlay Forward
Center Left Wing Right Wing Time % Phy DF OF
1 Evgeni Malkin Alexander Frolov Claude Giroux 60 1 2 2
2 Jordan Staal Fabian Brunnstrom Colby Armstrong 40 1 2 2
PowerPlay Defense
Defense Defense Time % Phy DF OF
1 Tobias Enstrom Braydon Coburn 60 1 2 2
2 Jamie McBain Marc-Édouard Vlasic 40 1 2 2
Penalty Kill 4 Players Forward
Center Wing Time % Phy DF OF
1 Jordan Staal Claude Giroux 60 1 2 2
2 Evgeni Malkin Alexander Frolov 40 1 2 2
Penalty Kill 4 Players Defense
Defense Defense Time % Phy DF OF
1 Tobias Enstrom Braydon Coburn 60 1 2 2
2 Taylor Chorney Marc-Édouard Vlasic 40 1 2 2
Penalty Kill - 3 Players Forward
Forward Time % Phy DF OF
1 Jordan Staal 60 1 2 2
2 Claude Giroux 40 1 2 2
Penalty Kill - 3 Players Defense
Defense Defense Time % Phy DF OF
1 Tobias Enstrom Braydon Coburn 60 1 2 2
2 Taylor Chorney Marc-Édouard Vlasic 40 1 2 2
4 vs 4 Forward
Center Wing Time % Phy DF OF
1 Jordan Staal Claude Giroux 60 1 2 2
2 Evgeni Malkin Alexander Frolov 40 1 2 2
4 vs 4 Defense
Defense Defense Time % Phy DF OF
1 Tobias Enstrom Braydon Coburn 60 1 2 2
2 Taylor Chorney Marc-Édouard Vlasic 40 1 2 2
Last Minutes Offensive
Center Left Wing Right Wing Defense Defense
Jordan Staal Alexander Frolov Claude Giroux Tobias Enstrom Braydon Coburn
Last Minutes Defensive
Center Left Wing Right Wing Defense Defense
Jordan Staal Alexander Frolov Claude Giroux Tobias Enstrom Braydon Coburn
Goaltenders
Starting : Marc-André Fleury
Backup : Alex Stalock
Extra Forwards
Normal : Evgeni Malkin, Claude Giroux, Eric Nystrom - PP : Michael Grabner, Eric Nystrom - PK : Blake Comeau
Extra Defensemen
Normal : Jamie McBain, Justin Schultz, Taylor Chorney - PP : Jamie McBain - PK : Justin Schultz, Taylor Chorney
Penalty Shots
Claude Giroux, Rob Schremp, Evgeni Malkin, Jordan Staal, Fabian Brunnstrom
Devils
5 vs 5 Forward
Center Left Wing Right Wing Time % Phy DF OF
1 Matt Duchene Ilya Kovalchuk Anthony Stewart 40 0 2 3
2 Dominic Moore Ted Purcell Brad Richardson 30 0 2 3
3 Steve Ott Alexandre Burrows Steve Quailer 20 0 2 3
4 Tyler Arnason Alexandre Burrows Tyler Bozak 10 0 2 3
5 vs 5 Defense
Defense Defense Time % Phy DF OF
1 Brent Seabrook Mike Komisarek 40 1 2 2
2 Dan Boyle Karl Alzner 30 1 2 2
3 Kyle Cumiskey Adam Pardy 20 1 2 2
4 Brent Seabrook Adam Pardy 10 1 2 2
PowerPlay Forward
Center Left Wing Right Wing Time % Phy DF OF
1 Matt Duchene Ilya Kovalchuk Brad Richardson 60 0 1 4
2 Dominic Moore Ted Purcell Anthony Stewart 40 0 1 4
PowerPlay Defense
Defense Defense Time % Phy DF OF
1 Dan Boyle Karl Alzner 60 1 2 2
2 Brent Seabrook Adam Pardy 40 1 2 2
Penalty Kill 4 Players Forward
Center Wing Time % Phy DF OF
1 Dominic Moore Chris Mcallister 60 1 2 2
2 Steve Ott Ilya Kovalchuk 40 1 2 2
Penalty Kill 4 Players Defense
Defense Defense Time % Phy DF OF
1 Brent Seabrook Mike Komisarek 60 1 2 2
2 Adam Pardy Karl Alzner 40 1 2 2
Penalty Kill - 3 Players Forward
Forward Time % Phy DF OF
1 Ted Purcell 60 1 2 2
2 Dominic Moore 40 1 2 2
Penalty Kill - 3 Players Defense
Defense Defense Time % Phy DF OF
1 Adam Pardy Mike Komisarek 60 1 2 2
2 Mike Komisarek Kyle Cumiskey 40 1 2 2
4 vs 4 Forward
Center Wing Time % Phy DF OF
1 Dominic Moore Ted Purcell 60 1 2 2
2 Steve Ott Ilya Kovalchuk 40 1 2 2
4 vs 4 Defense
Defense Defense Time % Phy DF OF
1 Karl Alzner Brent Seabrook 60 1 2 2
2 Mike Komisarek Dan Boyle 40 1 2 2
Last Minutes Offensive
Center Left Wing Right Wing Defense Defense
Dominic Moore Ilya Kovalchuk Anthony Stewart Brent Seabrook Dan Boyle
Last Minutes Defensive
Center Left Wing Right Wing Defense Defense
Dominic Moore Ilya Kovalchuk Brad Richardson Mike Komisarek Brent Seabrook
Goaltenders
Starting : James Reimer
Backup : Cam Ward
Extra Forwards
Normal : Anthony Stewart, Chris Mcallister, Dominic Moore - PP : Matt Duchene, Steve Ott - PK : Chris Mcallister
Extra Defensemen
Normal : Brent Seabrook, Karl Alzner, Adam Pardy - PP : Kyle Cumiskey - PK : Karl Alzner, Brent Seabrook
Penalty Shots
Ilya Kovalchuk, Ted Purcell, Dominic Moore, Matt Duchene, Anthony Stewart
% Time on Ice - Maple Leafs
Lines # - Real PCT - Wanted PCT - Time Play
Normal Forward
1 - 39% - 40% - 14:28
2 - 24% - 30% - 9:00
3 - 23% - 20% - 8:22
4 - 14% - 10% - 5:20
Normal Defense
1 - 44% - 40% - 16:26
2 - 34% - 30% - 12:45
3 - 19% - 20% - 7:04
4 - 2% - 10% - 0:55
PP Forward
1 - 59% - 60% - 5:15
2 - 41% - 40% - 3:42
PP Defense
1 - 54% - 60% - 4:51
2 - 46% - 40% - 4:06
PK Forward
1 - 73% - 60% - 8:10
2 - 27% - 40% - 3:04
PK Defense
1 - 61% - 60% - 6:51
2 - 39% - 40% - 4:23
PK3 Forward
1 - 0% - 60%
2 - 0% - 40%
PK3 Defense
1 - 0% - 60%
2 - 0% - 40%
44 Forward
1 - 80% - 60% - 2:07
2 - 20% - 40% - 0:32
44 Defense
1 - 46% - 60% - 1:13
2 - 54% - 40% - 1:26
Last Minute Offensive - 0:00
Last Minute Defensive - 0:00
Total
Forward - 60:00
Defense - 60:00
|
% Time on Ice - Devils
Lines # - Real PCT - Wanted PCT - Time Play
Normal Forward
1 - 41% - 40% - 15:10
2 - 29% - 30% - 10:37
3 - 19% - 20% - 7:07
4 - 11% - 10% - 4:16
Normal Defense
1 - 47% - 40% - 17:39
2 - 31% - 30% - 11:23
3 - 21% - 20% - 7:41
4 - 1% - 10% - 0:27
PP Forward
1 - 55% - 60% - 6:09
2 - 45% - 40% - 5:05
PP Defense
1 - 59% - 60% - 6:38
2 - 41% - 40% - 4:36
PK Forward
1 - 74% - 60% - 6:01
2 - 26% - 40% - 2:07
PK Defense
1 - 74% - 60% - 6:01
2 - 26% - 40% - 2:07
PK3 Forward
1 - 85% - 60% - 1:01
2 - 15% - 40% - 0:11
PK3 Defense
1 - 56% - 60% - 0:40
2 - 44% - 40% - 0:32
44 Forward
1 - 79% - 60% - 1:47
2 - 21% - 40% - 0:29
44 Defense
1 - 63% - 60% - 1:25
2 - 38% - 40% - 0:51
Last Minute Offensive - 0:00
Last Minute Defensive - 0:00
Total
Forward - 60:00
Defense - 60:00
|
Play by Play
1st period
0:01 of 1st period - Matt Duchene wins face-off versus Jordan Staal in neutral zone.
0:03 of 1st period - Off-side.
0:04 of 1st period - Matt Duchene wins face-off versus Jordan Staal in neutral zone.
0:12 of 1st period - Minor Penalty to Tobias Enstrom for Hooking.
0:13 of 1st period - Jordan Staal wins face-off versus Matt Duchene in Maple Leafs zone.
1:28 of 1st period - Icing by Ilya Kovalchuk.
1:29 of 1st period - Evgeni Malkin wins face-off versus Matt Duchene in Devils zone.
2:12 of 1st period - Penalty to Tobias Enstrom is over, Tobias Enstrom is back on ice.
2:29 of 1st period - Slapshot by Tobias Enstrom.
2:29 of 1st period - Stopped by James Reimer without a rebound.
2:30 of 1st period - Dominic Moore wins face-off versus Evgeni Malkin in Devils zone.
3:13 of 1st period - Off-side.
3:14 of 1st period - Zac Dalpe wins face-off versus Matt Duchene in neutral zone.
3:23 of 1st period - Snap shot by Ilya Kovalchuk.
3:23 of 1st period - Shot Misses the Net.
3:37 of 1st period - Minor Penalty to Blake Comeau for Hooking.
3:38 of 1st period - Matt Duchene wins face-off versus Jordan Staal in Maple Leafs zone.
4:09 of 1st period - Wrist shot by Ted Purcell.
4:09 of 1st period - Stopped by Marc-André Fleury with a rebound.
5:37 of 1st period - Penalty to Blake Comeau is over, Blake Comeau is back on ice.
5:56 of 1st period - Zac Dalpe is hit by Dan Boyle and loses puck.
6:21 of 1st period - Snap shot by Fabian Brunnstrom.
6:21 of 1st period - Shot Misses the Net.
6:23 of 1st period - Wrist shot by Evgeni Malkin.
6:23 of 1st period - Shot Blocked by Mike Komisarek.
6:33 of 1st period - Jordan Staal is hit by Steve Quailer.
6:40 of 1st period - Icing by Steve Ott.
6:41 of 1st period - Chris Mcallister wins face-off versus Rob Schremp in Devils zone.
7:02 of 1st period - Tobias Enstrom is hit by Anthony Stewart.
7:12 of 1st period - Wrist shot by Claude Giroux.
7:12 of 1st period - Shot Misses the Net.
7:14 of 1st period - Wrist shot by Claude Giroux.
7:14 of 1st period - Stopped by James Reimer with a rebound.
7:32 of 1st period - Snap shot by Alexandre Burrows.
7:32 of 1st period - Stopped by Marc-André Fleury with a rebound.
7:34 of 1st period - Slapshot by Kyle Cumiskey.
7:34 of 1st period - Stopped by Marc-André Fleury without a rebound.
7:35 of 1st period - Evgeni Malkin wins face-off versus Dominic Moore in Maple Leafs zone.
8:01 of 1st period - Evgeni Malkin is hit by Brent Seabrook and loses puck.
8:14 of 1st period - Snap shot by Fabian Brunnstrom.
8:14 of 1st period - Deflect By Evgeni Malkin.
8:14 of 1st period - Deflect By Ilya Kovalchuk.
8:14 of 1st period - Shot Hit the Post.
8:14 of 1st period - Puck is out of play.
8:15 of 1st period - Jordan Staal wins face-off versus Dominic Moore in Devils zone.
8:20 of 1st period - Slapshot by Jordan Staal.
8:20 of 1st period - Goal by Jordan Staal - Maple Leafs : 1 - Devils : 0.
8:21 of 1st period - Jordan Staal wins face-off versus Matt Duchene in neutral zone.
8:30 of 1st period - Slapshot by Tobias Enstrom.
8:30 of 1st period - Stopped by James Reimer with a rebound.
8:32 of 1st period - Slapshot by Tobias Enstrom.
8:32 of 1st period - Shot Misses the Net.
8:34 of 1st period - Slapshot by Braydon Coburn.
8:34 of 1st period - Shot Blocked by Ilya Kovalchuk.
8:36 of 1st period - Wrist shot by Claude Giroux.
8:36 of 1st period - Stopped by James Reimer with a rebound.
8:38 of 1st period - Snap shot by Claude Giroux.
8:38 of 1st period - Shot Blocked by Ilya Kovalchuk.
8:57 of 1st period - Evgeni Malkin is hit by Ted Purcell and loses puck.
10:47 of 1st period - Icing by Ted Purcell.
10:48 of 1st period - Dominic Moore wins face-off versus Jordan Staal in Devils zone.
10:48 of 1st period - Dominic Moore is hit by Claude Giroux.
10:59 of 1st period - Minor Penalty to Jordan Staal for Cross-checking.
11:00 of 1st period - Blake Comeau wins face-off versus Matt Duchene in Maple Leafs zone.
11:12 of 1st period - Slapshot by Dan Boyle.
11:12 of 1st period - Stopped by Marc-André Fleury without a rebound.
11:13 of 1st period - Blake Comeau wins face-off versus Matt Duchene in Maple Leafs zone.
11:24 of 1st period - Wrist shot by Ilya Kovalchuk.
11:24 of 1st period - Stopped by Marc-André Fleury with a rebound.
11:30 of 1st period - Wrist shot by Matt Duchene.
11:30 of 1st period - Shot Blocked by Tobias Enstrom.
11:53 of 1st period - Evgeni Malkin is hit by Dominic Moore and loses puck.
12:59 of 1st period - Penalty to Jordan Staal is over, Jordan Staal is back on ice.
13:10 of 1st period - Slapshot by Justin Abdelkader.
13:10 of 1st period - Stopped by James Reimer with a rebound.
13:16 of 1st period - Zac Dalpe is hit by Steve Quailer and loses puck.
13:34 of 1st period - Slapshot by Jamie McBain.
13:34 of 1st period - Shot Blocked by Tyler Arnason.
13:36 of 1st period - Slapshot by Jamie McBain.
13:36 of 1st period - Stopped by James Reimer without a rebound.
13:37 of 1st period - Tyler Arnason wins face-off versus Jordan Staal in Devils zone.
13:37 of 1st period - Tyler Arnason is hit by Marc-Édouard Vlasic.
13:55 of 1st period - Mike Komisarek is hit by Jordan Staal and loses puck.
14:12 of 1st period - Wrist shot by Ilya Kovalchuk.
14:12 of 1st period - Shot Blocked by Justin Schultz.
14:14 of 1st period - Snap shot by Matt Duchene.
14:14 of 1st period - Stopped by Marc-André Fleury without a rebound.
14:15 of 1st period - Ilya Kovalchuk wins face-off versus Rob Schremp in Maple Leafs zone.
14:42 of 1st period - Tobias Enstrom is hit by Dominic Moore and loses puck.
14:49 of 1st period - Slapshot by Braydon Coburn.
14:49 of 1st period - Stopped by James Reimer without a rebound.
14:50 of 1st period - Dominic Moore wins face-off versus Jordan Staal in Devils zone.
14:58 of 1st period - Backhand shot by Ted Purcell.
14:58 of 1st period - Stopped by Marc-André Fleury with a rebound.
16:15 of 1st period - Off-side.
16:16 of 1st period - Jordan Staal wins face-off versus Matt Duchene in neutral zone.
16:27 of 1st period - Snap shot by Jordan Staal.
16:27 of 1st period - Shot Misses the Net.
16:29 of 1st period - Snap shot by Alexander Frolov.
16:29 of 1st period - Goal by Alexander Frolov - Maple Leafs : 2 - Devils : 0.
16:30 of 1st period - Jordan Staal wins face-off versus Matt Duchene in neutral zone.
16:35 of 1st period - Slapshot by Claude Giroux.
16:35 of 1st period - Stopped by James Reimer with a rebound.
16:37 of 1st period - Slapshot by Tobias Enstrom.
16:37 of 1st period - Stopped by James Reimer with a rebound.
16:39 of 1st period - Slapshot by Braydon Coburn.
16:39 of 1st period - Deflect By Jordan Staal.
16:39 of 1st period - Shot Misses the Net.
16:39 of 1st period - Puck is out of play.
16:40 of 1st period - Jordan Staal wins face-off versus Matt Duchene in Devils zone.
16:56 of 1st period - Minor Penalty to Adam Pardy for Hooking.
16:57 of 1st period - Dominic Moore wins face-off versus Evgeni Malkin in Devils zone.
17:05 of 1st period - Slapshot by Tobias Enstrom.
17:05 of 1st period - Goal by Tobias Enstrom - Maple Leafs : 3 - Devils : 0.
17:06 of 1st period - Jordan Staal wins face-off versus Matt Duchene in neutral zone.
17:09 of 1st period - Slapshot by Tobias Enstrom.
17:09 of 1st period - Shot Blocked by Ilya Kovalchuk.
17:37 of 1st period - Tobias Enstrom is hit by Dominic Moore and loses puck.
18:34 of 1st period - Wrist shot by Dominic Moore.
18:34 of 1st period - Shot Blocked by Taylor Chorney.
18:36 of 1st period - Slapshot by Mike Komisarek.
18:36 of 1st period - Stopped by Marc-André Fleury without a rebound.
18:37 of 1st period - Tyler Bozak wins face-off versus Jordan Staal in Maple Leafs zone.
18:46 of 1st period - Jordan Staal is hit by Karl Alzner and loses puck.
19:05 of 1st period - Slapshot by Dominic Moore.
19:05 of 1st period - Shot Misses the Net.
19:07 of 1st period - Backhand shot by Ted Purcell.
19:07 of 1st period - Stopped by Marc-André Fleury with a rebound.
19:11 of 1st period - Backhand shot by Ted Purcell.
19:11 of 1st period - Goal by Ted Purcell - Maple Leafs : 3 - Devils : 1.
19:12 of 1st period - Jordan Staal wins face-off versus Matt Duchene in neutral zone.
19:15 of 1st period - Ilya Kovalchuk is hit by Alexander Frolov and loses puck.
19:24 of 1st period - Wrist shot by Claude Giroux.
19:24 of 1st period - Stopped by James Reimer without a rebound.
19:25 of 1st period - Ilya Kovalchuk wins face-off versus Evgeni Malkin in Devils zone.
19:34 of 1st period - Snap shot by Ilya Kovalchuk.
19:34 of 1st period - Stopped by Marc-André Fleury with a rebound.
19:36 of 1st period - Snap shot by Matt Duchene.
19:36 of 1st period - Stopped by Marc-André Fleury with a rebound.
19:38 of 1st period - Slapshot by Dan Boyle.
19:38 of 1st period - Stopped by Marc-André Fleury with a rebound.
19:40 of 1st period - Slapshot by Dan Boyle.
19:40 of 1st period - Stopped by Marc-André Fleury with a rebound.
19:42 of 1st period - Snap shot by Anthony Stewart.
19:42 of 1st period - Stopped by Marc-André Fleury with a rebound.
19:52 of 1st period - Karl Alzner is hit by Claude Giroux and loses puck.
Goals for this period are 3 for Maple Leafs vs 1 for Devils.
Shots for this period are 13 for Maple Leafs vs 15 for Devils.
2nd period
0:01 of 2nd period - Jordan Staal wins face-off versus Matt Duchene in neutral zone.
0:03 of 2nd period - Tobias Enstrom is hit by Adam Pardy and loses puck.
0:08 of 2nd period - Wrist shot by Claude Giroux.
0:08 of 2nd period - Shot Blocked by Kyle Cumiskey.
0:26 of 2nd period - Matt Duchene is hit by Braydon Coburn and loses puck.
0:37 of 2nd period - Snap shot by Matt Duchene.
0:37 of 2nd period - Stopped by Marc-André Fleury with a rebound.
0:39 of 2nd period - Snap shot by Matt Duchene.
0:39 of 2nd period - Shot Misses the Net.
1:20 of 2nd period - Ilya Kovalchuk is hit by Justin Schultz and loses puck.
1:42 of 2nd period - Minor Penalty to Rob Schremp for Slashing.
1:43 of 2nd period - Jordan Staal wins face-off versus Dominic Moore in Maple Leafs zone.
1:57 of 2nd period - Wrist shot by Jordan Staal.
1:57 of 2nd period - Shot Blocked by Ted Purcell.
1:59 of 2nd period - Slapshot by Jordan Staal.
1:59 of 2nd period - Stopped by James Reimer without a rebound.
2:00 of 2nd period - Claude Giroux wins face-off versus Dominic Moore in Devils zone.
2:23 of 2nd period - Snap shot by Evgeni Malkin.
2:23 of 2nd period - Stopped by James Reimer without a rebound.
2:24 of 2nd period - Evgeni Malkin wins face-off versus Dominic Moore in Devils zone.
2:27 of 2nd period - Wrist shot by Alexander Frolov.
2:27 of 2nd period - Shot Misses the Net.
3:42 of 2nd period - Penalty to Rob Schremp is over, Rob Schremp is back on ice.
3:55 of 2nd period - Steve Ott is hit by Blake Comeau and loses puck.
4:04 of 2nd period - Minor Penalty to Brent Seabrook for Roughing.
4:05 of 2nd period - Evgeni Malkin wins face-off versus Dominic Moore in Devils zone.
4:46 of 2nd period - Snap shot by Evgeni Malkin.
4:46 of 2nd period - Shot Misses the Net.
5:14 of 2nd period - Mike Komisarek is hit by Colby Armstrong and loses puck.
6:04 of 2nd period - Penalty to Brent Seabrook is over, Brent Seabrook is back on ice.
6:05 of 2nd period - Ilya Kovalchuk is hit by Tobias Enstrom and loses puck.
6:20 of 2nd period - Snap shot by Tyler Bozak.
6:20 of 2nd period - Goal by Tyler Bozak - Maple Leafs : 3 - Devils : 2.
6:21 of 2nd period - Dominic Moore wins face-off versus Evgeni Malkin in neutral zone.
6:36 of 2nd period - Snap shot by Dominic Moore.
6:36 of 2nd period - Goal by Dominic Moore - Maple Leafs : 3 - Devils : 3.
6:37 of 2nd period - Alexander Frolov wins face-off versus Dominic Moore in neutral zone.
6:52 of 2nd period - Wrist shot by Alexander Frolov.
6:52 of 2nd period - Shot Misses the Net.
6:54 of 2nd period - Slapshot by Jordan Staal.
6:54 of 2nd period - Shot Misses the Net.
7:04 of 2nd period - Brent Seabrook is hit by Colby Armstrong and loses puck.
7:11 of 2nd period - Snap shot by Rob Schremp.
7:11 of 2nd period - Shot Misses the Net.
7:13 of 2nd period - Wrist shot by Eric Nystrom.
7:13 of 2nd period - Stopped by James Reimer with a rebound.
7:17 of 2nd period - Wrist shot by Rob Schremp.
7:17 of 2nd period - Stopped by James Reimer without a rebound.
7:18 of 2nd period - Matt Duchene wins face-off versus Jordan Staal in Devils zone.
7:18 of 2nd period - Matt Duchene is hit by Alexander Frolov.
7:28 of 2nd period - Wrist shot by Claude Giroux.
7:28 of 2nd period - Shot Misses the Net.
7:30 of 2nd period - Wrist shot by Jordan Staal.
7:30 of 2nd period - Stopped by James Reimer with a rebound.
7:32 of 2nd period - Slapshot by Justin Schultz.
7:32 of 2nd period - Shot Misses the Net.
7:52 of 2nd period - Alexandre Burrows is hit by Evgeni Malkin and loses puck.
8:10 of 2nd period - Minor Penalty to Eric Nystrom for Tripping.
8:11 of 2nd period - Matt Duchene wins face-off versus Jordan Staal in Maple Leafs zone.
8:41 of 2nd period - Wrist shot by Tobias Enstrom.
8:41 of 2nd period - Stopped by James Reimer with a rebound.
8:59 of 2nd period - Minor Penalty to Ilya Kovalchuk for Holding Stick.
9:00 of 2nd period - Dominic Moore wins face-off versus Jordan Staal in Devils zone.
9:15 of 2nd period - Slapshot by Brent Seabrook.
9:15 of 2nd period - Shot Hit the Post.
9:46 of 2nd period - Minor Penalty to Anthony Stewart for Tripping.
9:47 of 2nd period - Jordan Staal wins face-off versus Ted Purcell in Devils zone.
10:10 of 2nd period - Penalty to Eric Nystrom is over, Eric Nystrom is back on ice.
10:59 of 2nd period - Penalty to Ilya Kovalchuk is over, Ilya Kovalchuk is back on ice.
11:37 of 2nd period - Ilya Kovalchuk is hit by Fabian Brunnstrom and loses puck.
11:46 of 2nd period - Penalty to Anthony Stewart is over, Anthony Stewart is back on ice.
11:54 of 2nd period - Jamie McBain is hit by Tyler Arnason and loses puck.
11:59 of 2nd period - Snap shot by Alexandre Burrows.
11:59 of 2nd period - Deflect By Jamie McBain.
11:59 of 2nd period - Stopped by Marc-André Fleury with a rebound.
12:01 of 2nd period - Slapshot by Adam Pardy.
12:01 of 2nd period - Goal by Adam Pardy - Maple Leafs : 3 - Devils : 4.
12:02 of 2nd period - Matt Duchene wins face-off versus Evgeni Malkin in neutral zone.
12:05 of 2nd period - Slapshot by Brent Seabrook.
12:05 of 2nd period - Shot Blocked by Tobias Enstrom.
12:07 of 2nd period - Snap shot by Ilya Kovalchuk.
12:07 of 2nd period - Stopped by Marc-André Fleury with a rebound.
12:09 of 2nd period - Slapshot by Anthony Stewart.
12:09 of 2nd period - Goal by Anthony Stewart - Maple Leafs : 3 - Devils : 5.
12:09 of 2nd period - Alex Stalock enters game.
12:10 of 2nd period - Alexander Frolov wins face-off versus Matt Duchene in neutral zone.
12:30 of 2nd period - Icing by Alexander Frolov.
12:31 of 2nd period - Dominic Moore wins face-off versus Jordan Staal in Maple Leafs zone.
12:34 of 2nd period - Snap shot by Ted Purcell.
12:34 of 2nd period - Stopped by Alex Stalock with a rebound.
12:59 of 2nd period - Wrist shot by Claude Giroux.
12:59 of 2nd period - Stopped by James Reimer with a rebound.
13:59 of 2nd period - Snap shot by Alexander Frolov.
13:59 of 2nd period - Stopped by James Reimer with a rebound.
14:01 of 2nd period - Snap shot by Alexander Frolov.
14:01 of 2nd period - Goal by Alexander Frolov - Maple Leafs : 4 - Devils : 5.
14:02 of 2nd period - Evgeni Malkin wins face-off versus Ted Purcell in neutral zone.
14:58 of 2nd period - Wrist shot by Blake Comeau.
14:58 of 2nd period - Shot Blocked by Kyle Cumiskey.
15:24 of 2nd period - Colby Armstrong is hit by Dan Boyle and loses puck.
15:43 of 2nd period - Wrist shot by Ilya Kovalchuk.
15:43 of 2nd period - Goal by Ilya Kovalchuk - Maple Leafs : 4 - Devils : 6.
15:44 of 2nd period - Jordan Staal wins face-off versus Ted Purcell in neutral zone.
15:47 of 2nd period - Slapshot by Braydon Coburn.
15:47 of 2nd period - Deflect By Brad Richardson.
15:47 of 2nd period - Stopped by James Reimer with a rebound.
15:49 of 2nd period - Snap shot by Braydon Coburn.
15:49 of 2nd period - Stopped by James Reimer with a rebound.
15:51 of 2nd period - Slapshot by Braydon Coburn.
15:51 of 2nd period - Stopped by James Reimer with a rebound.
15:53 of 2nd period - Slapshot by Claude Giroux.
15:53 of 2nd period - Stopped by James Reimer with a rebound.
15:55 of 2nd period - Snap shot by Claude Giroux.
15:55 of 2nd period - Shot Misses the Net.
16:07 of 2nd period - Minor Penalty to Brent Seabrook for Roughing.
16:08 of 2nd period - Evgeni Malkin wins face-off versus Dominic Moore in Devils zone.
16:43 of 2nd period - Wrist shot by Fabian Brunnstrom.
16:43 of 2nd period - Shot Misses the Net.
18:07 of 2nd period - Penalty to Brent Seabrook is over, Brent Seabrook is back on ice.
18:30 of 2nd period - Tobias Enstrom is hit by Anthony Stewart and loses puck.
18:43 of 2nd period - Mike Komisarek is hit by Colby Armstrong and loses puck.
19:20 of 2nd period - Justin Abdelkader is hit by Kyle Cumiskey and loses puck.
Goals for this period are 1 for Maple Leafs vs 5 for Devils.
Shots for this period are 13 for Maple Leafs vs 9 for Devils.
3rd period
0:01 of 3rd period - Ilya Kovalchuk wins face-off versus Jordan Staal in neutral zone.
0:11 of 3rd period - Minor Penalty to Jordan Staal for Boarding.
0:12 of 3rd period - Matt Duchene wins face-off versus Blake Comeau in Maple Leafs zone.
0:38 of 3rd period - Dominic Moore is hit by Evgeni Malkin.
1:19 of 3rd period - Alexander Frolov is hit by Karl Alzner and loses puck.
2:11 of 3rd period - Penalty to Jordan Staal is over, Jordan Staal is back on ice.
2:27 of 3rd period - Wrist shot by Steve Ott.
2:27 of 3rd period - Stopped by Alex Stalock with a rebound.
2:29 of 3rd period - Wrist shot by Steve Quailer.
2:29 of 3rd period - Deflect By Steve Ott.
2:29 of 3rd period - Shot Blocked by Taylor Chorney.
2:29 of 3rd period - Puck is out of play.
2:30 of 3rd period - Tyler Arnason wins face-off versus Zac Dalpe in Maple Leafs zone.
2:39 of 3rd period - Snap shot by Alexandre Burrows.
2:39 of 3rd period - Shot Misses the Net.
2:56 of 3rd period - Alexandre Burrows is hit by Tobias Enstrom and loses puck.
3:19 of 3rd period - Justin Schultz is hit by Ted Purcell.
3:23 of 3rd period - Wrist shot by Ted Purcell.
3:23 of 3rd period - Stopped by Alex Stalock with a rebound.
3:25 of 3rd period - Snap shot by Kyle Cumiskey.
3:25 of 3rd period - Shot Misses the Net.
3:27 of 3rd period - Slapshot by Kyle Cumiskey.
3:27 of 3rd period - Shot Misses the Net.
3:58 of 3rd period - Snap shot by Colby Armstrong.
3:58 of 3rd period - Stopped by James Reimer without a rebound.
3:59 of 3rd period - Matt Duchene wins face-off versus Evgeni Malkin in Devils zone.
5:01 of 3rd period - Tobias Enstrom is hit by Alexandre Burrows.
5:56 of 3rd period - Eric Nystrom is hit by Tyler Arnason and loses puck.
6:07 of 3rd period - Steve Quailer is hit by Zac Dalpe and loses puck.
6:49 of 3rd period - Backhand shot by Colby Armstrong.
6:49 of 3rd period - Shot Blocked by Adam Pardy.
7:42 of 3rd period - Minor Penalty to Ted Purcell for Delaying the game.
7:43 of 3rd period - Evgeni Malkin wins face-off versus Chris Mcallister in Devils zone.
8:16 of 3rd period - Slapshot by Jamie McBain.
8:16 of 3rd period - Stopped by James Reimer without a rebound.
8:17 of 3rd period - Jordan Staal wins face-off versus Steve Ott in Devils zone.
8:22 of 3rd period - Snap shot by Jordan Staal.
8:22 of 3rd period - Shot Misses the Net.
8:24 of 3rd period - Slapshot by Braydon Coburn.
8:24 of 3rd period - Shot Blocked by Adam Pardy.
8:26 of 3rd period - Wrist shot by Fabian Brunnstrom.
8:26 of 3rd period - Shot Blocked by Adam Pardy.
8:28 of 3rd period - Wrist shot by Fabian Brunnstrom.
8:28 of 3rd period - Goal by Fabian Brunnstrom - Maple Leafs : 5 - Devils : 6.
8:29 of 3rd period - Jordan Staal wins face-off versus Matt Duchene in neutral zone.
8:32 of 3rd period - Slapshot by Braydon Coburn.
8:32 of 3rd period - Deflect By Jordan Staal.
8:32 of 3rd period - Shot Blocked by Brent Seabrook.
8:32 of 3rd period - Puck is out of play.
8:33 of 3rd period - Jordan Staal wins face-off versus Matt Duchene in Devils zone.
8:38 of 3rd period - Slapshot by Jordan Staal.
8:38 of 3rd period - Stopped by James Reimer with a rebound.
9:22 of 3rd period - Snap shot by Steve Ott.
9:22 of 3rd period - Goal by Steve Ott - Maple Leafs : 5 - Devils : 7.
9:23 of 3rd period - Jordan Staal wins face-off versus Matt Duchene in neutral zone.
9:49 of 3rd period - Dominic Moore is hit by Justin Schultz and loses puck.
10:07 of 3rd period - Minor Penalty to Mike Komisarek for Hooking.
10:08 of 3rd period - Dominic Moore wins face-off versus Evgeni Malkin in Devils zone.
10:37 of 3rd period - Minor Penalty to Colby Armstrong for Hooking.
10:38 of 3rd period - Jordan Staal wins face-off versus Dominic Moore in Maple Leafs zone.
12:07 of 3rd period - Penalty to Mike Komisarek is over, Mike Komisarek is back on ice.
12:11 of 3rd period - Braydon Coburn is hit by Dan Boyle and loses puck.
12:22 of 3rd period - Wrist shot by Matt Duchene.
12:22 of 3rd period - Deflect By Ilya Kovalchuk.
12:22 of 3rd period - Shot Misses the Net.
12:22 of 3rd period - Puck is out of play.
12:23 of 3rd period - Matt Duchene wins face-off versus Evgeni Malkin in Maple Leafs zone.
12:37 of 3rd period - Penalty to Colby Armstrong is over, Colby Armstrong is back on ice.
12:42 of 3rd period - Claude Giroux is hit by Dan Boyle and loses puck.
12:53 of 3rd period - Slapshot by Taylor Chorney.
12:53 of 3rd period - Shot Misses the Net.
12:55 of 3rd period - Wrist shot by Claude Giroux.
12:55 of 3rd period - Shot Hit the Post.
12:57 of 3rd period - Slapshot by Marc-Édouard Vlasic.
12:57 of 3rd period - Shot Misses the Net.
12:59 of 3rd period - Wrist shot by Claude Giroux.
12:59 of 3rd period - Shot Blocked by Brad Richardson.
13:01 of 3rd period - Wrist shot by Jordan Staal.
13:01 of 3rd period - Goal by Jordan Staal - Maple Leafs : 6 - Devils : 7.
13:02 of 3rd period - Steve Ott wins face-off versus Evgeni Malkin in neutral zone.
13:11 of 3rd period - Wrist shot by Evgeni Malkin.
13:11 of 3rd period - Stopped by James Reimer without a rebound.
13:12 of 3rd period - Evgeni Malkin wins face-off versus Alexandre Burrows in Devils zone.
13:19 of 3rd period - Slapshot by Fabian Brunnstrom.
13:19 of 3rd period - Stopped by James Reimer with a rebound.
13:21 of 3rd period - Slapshot by Tobias Enstrom.
13:21 of 3rd period - Deflect By Evgeni Malkin.
13:21 of 3rd period - Shot Misses the Net.
13:21 of 3rd period - Puck is out of play.
13:22 of 3rd period - Matt Duchene wins face-off versus Jordan Staal in Devils zone.
13:22 of 3rd period - Matt Duchene is hit by Alexander Frolov.
14:26 of 3rd period - Snap shot by Tyler Arnason.
14:26 of 3rd period - Stopped by Alex Stalock with a rebound.
14:44 of 3rd period - Slapshot by Claude Giroux.
14:44 of 3rd period - Stopped by James Reimer with a rebound.
14:46 of 3rd period - Backhand shot by Alexander Frolov.
14:46 of 3rd period - Goal by Alexander Frolov - Maple Leafs : 7 - Devils : 7.
14:47 of 3rd period - Matt Duchene wins face-off versus Jordan Staal in neutral zone.
14:50 of 3rd period - Snap shot by Matt Duchene.
14:50 of 3rd period - Shot Blocked by Tobias Enstrom.
15:39 of 3rd period - Justin Abdelkader is hit by Brad Richardson and loses puck.
15:45 of 3rd period - Off-side.
15:46 of 3rd period - Matt Duchene wins face-off versus Rob Schremp in neutral zone.
15:49 of 3rd period - Matt Duchene is hit by Jamie McBain and loses puck.
16:00 of 3rd period - Wrist shot by Colby Armstrong.
16:00 of 3rd period - Goal by Colby Armstrong - Maple Leafs : 8 - Devils : 7.
16:01 of 3rd period - Steve Ott wins face-off versus Rob Schremp in neutral zone.
16:39 of 3rd period - Snap shot by Claude Giroux.
16:39 of 3rd period - Shot Misses the Net.
16:59 of 3rd period - Icing by Dominic Moore.
17:00 of 3rd period - Ted Purcell wins face-off versus Rob Schremp in Devils zone.
17:00 of 3rd period - Ted Purcell is hit by Eric Nystrom.
17:08 of 3rd period - Wrist shot by Dominic Moore.
17:08 of 3rd period - Stopped by Alex Stalock with a rebound.
17:23 of 3rd period - Snap shot by Ted Purcell.
17:23 of 3rd period - Stopped by Alex Stalock without a rebound.
17:24 of 3rd period - Steve Ott wins face-off versus Jordan Staal in Maple Leafs zone.
17:49 of 3rd period - Alexander Frolov is hit by Dominic Moore and loses puck.
18:00 of 3rd period - Snap shot by Claude Giroux.
18:00 of 3rd period - Stopped by James Reimer without a rebound.
18:01 of 3rd period - Steve Ott wins face-off versus Rob Schremp in Devils zone.
18:01 of 3rd period - Minor Penalty to Alexandre Burrows for Interference.
18:02 of 3rd period - Claude Giroux wins face-off versus Dominic Moore in Devils zone.
18:10 of 3rd period - Icing by Claude Giroux.
18:11 of 3rd period - Evgeni Malkin wins face-off versus Dominic Moore in Maple Leafs zone.
18:52 of 3rd period - Slapshot by Braydon Coburn.
18:52 of 3rd period - Stopped by James Reimer without a rebound.
18:53 of 3rd period - Jacques Lemaire call a timeout for Devils.
18:53 of 3rd period - Dominic Moore wins face-off versus Jordan Staal in Devils zone.
18:53 of 3rd period - Dominic Moore is hit by Colby Armstrong.
19:07 of 3rd period - Wrist shot by Jordan Staal.
19:07 of 3rd period - Shot Misses the Net.
19:09 of 3rd period - Slapshot by Braydon Coburn.
19:09 of 3rd period - Deflect By Brent Seabrook.
19:09 of 3rd period - Stopped by James Reimer with a rebound.
Goals for this period are 4 for Maple Leafs vs 1 for Devils.
Shots for this period are 13 for Maple Leafs vs 6 for Devils.
Back to the Top